 Dungeon Crawl Stone Soup version 0.26-a0-490-gf8362a0c98 (webtiles) character file.

Game seed: 4677903054251371313

513 KristoblXynda the Slasher (level 7, 0/54 HPs)
             Began as a Human Gladiator on Aug 4, 2020.
             Slain by a centaur skeleton (6 damage)
             ... on level 4 of the Dungeon.
             The game lasted 00:04:49 (3019 turns).

KristoblXynda the Slasher (Human Gladiator)         Turns: 3019, Time: 00:04:50

Health: 0/54       AC: 11    Str: 15    XL:     7   Next: 43%
Magic:  7/7        EV:  8    Int:  9    God:
Gold:   172        SH:  0    Dex: 15    Spells: 6/6 levels left

rFire    . . .     SeeInvis .   a - +0 long sword
rCold    . . .     Faith    .   (no shield)
rNeg     . . .     Spirit   .   f - +0 chain mail
rPois    .         Reflect  .   c - +0 helmet
rElec    .         Harm     .   p - scarf {repulsion}
rCorr    .                      (no gloves)
MR       .....                  j - +0 pair of boots
Stlth    ..........             g - amulet of the acrobat
HPRegen  0.18/turn              (no ring)
MPRegen  0.10/turn              (no ring)

@: lethally poisoned (0 -> -6), repel missiles
A: no striking features
a: no special abilities


You were on level 4 of the Dungeon.
You visited 1 branch of the dungeon, and saw 4 of its levels.

You collected 172 gold pieces.

Inventory:

Hand Weapons
 a - a +0 long sword (weapon)
Missiles
 d - 5 throwing nets (quivered)
Armour
 c - a +0 helmet (worn)
 f - a +0 chain mail (worn)
 j - a +0 pair of boots (worn)
 p - a scarf of repulsion (worn)
Jewellery
 g - an amulet of the acrobat (around neck)
Wands
 q - a wand of paralysis (6)
Scrolls
 b - 2 scrolls of enchant weapon {unknown}
 i - a scroll of magic mapping {unknown}
 l - 2 scrolls of enchant armour {unknown}
 m - 3 scrolls of remove curse {unknown}
 t - 2 scrolls of teleportation {unknown}
Potions
 e - a potion of flight
 h - a potion of might
 k - a potion of lignification
 n - a potion of magic
 o - a potion of brilliance


   Skills:
 + Level 4.0 Fighting
 + Level 4.7 Long Blades
 - Level 2.0 Throwing
 + Level 3.4 Armour
 + Level 4.6 Dodging


You had 6 spell levels left.
You didn't know any spells.
Your spell library was empty.

Dungeon Overview and Level Annotations

Branches:
Dungeon (4/15)
 Temple: D:4-7

Altars:
Elyvilon


Message History

You hit the centaur skeleton.
The centaur skeleton is moderately damaged.
* * * LOW HITPOINT WARNING * * *
You feel sick.
The centaur skeleton hits you but does no damage.
You slash the centaur skeleton!
The centaur skeleton is severely damaged.
* * * LOW HITPOINT WARNING * * *
You feel sick.
The centaur skeleton barely misses you. x2
You hit the centaur skeleton.
The centaur skeleton is severely damaged.
* * * LOW HITPOINT WARNING * * *
You feel sick. The centaur skeleton barely misses you.
You hit the centaur skeleton.
The centaur skeleton is almost destroyed.
* * * LOW HITPOINT WARNING * * *
You feel sick.
The centaur skeleton hits you but does no damage.
The centaur skeleton hits you.
You die...

...............#....#
....................#
.#..................#
.............).....#
..#................#
...................#
###(..............#
#.#.............#
#.###.†@.##########.#
#.....Z..# #.#
.....#.##### #.# .#.
... #..# .... .....
#..## .!.


You could see a centaur skeleton.

Vanquished Creatures
  Sigmund (D:2)
  A phantom (D:3)
  A scorpion (D:4)
  An orc wizard (D:3)
  An orc priest (D:3)
  Terence (D:2)
  A worker ant (D:4)
  3 adders
  An ooze (D:3)
  2 worms
  A leopard gecko (D:3)
  11 orcs (D:3)
  2 giant cockroaches
  11 goblins
  7 hobgoblins
  3 jackals (D:2)
  A quokka (D:3)
  4 ball pythons
  6 bats
  2 frilled lizards (D:3)
  5 kobolds
  11 rats
77 creatures vanquished.

Notes
Turn   | Place    | Note
-------+----------+-------------------------------------------
     0 | D:1      | KristoblXynda the Human Gladiator began the quest for the
                  | Orb.
     0 | D:1      | Reached XP level 1. HP: 16/16 MP: 1/1
   262 | D:1      | Reached XP level 2. HP: 22/22 MP: 2/2
   522 | D:1      | Reached skill level 1 in Armour
   550 | D:1      | Reached XP level 3. HP: 28/28 MP: 3/3
   671 | D:2      | Noticed Sigmund
   671 | D:2      | Noticed Terence
   979 | D:2      | Killed Sigmund
   979 | D:2      | Reached XP level 4. HP: 35/35 MP: 4/4
   979 | D:2      | Reached XP level 5. HP: 41/41 MP: 5/5
   979 | D:2      | Reached XP level 6. HP: 47/47 MP: 6/6
  1303 | D:2      | Killed Terence
  2067 | D:3      | Noticed a phantom
  2104 | D:3      | Killed a phantom
  2104 | D:3      | Reached XP level 7. HP: 27/53 MP: 7/7
  2903 | D:4      | Found a white marble altar of Elyvilon.
  3019 | D:4      | Slain by a centaur skeleton

Illustrated notes

Levels and vault maps discovered:
D:1:      tarquinn_simple_flora_water_f, layout_basic
D:2:      cheibrodos_helix_gallery, layout_loops_cross, uniq_terence,
          uniq_sigmund
D:3:      layout_loops_ring
D:4:      layout_basic, lemuel_crystal_altar, minmay_fractal_squares_5

Skill      XL: |  1  2  3  4  5  6  7 |
---------------+----------------------+-----
Armour         | 1 2 3 |  3.4
Fighting       | 3 4 |  4.0
Long Blades    | 4 |  4.7
Dodging        | 4 |  4.6
Throwing       | |  2.0

Action                   |  1- 3 |  4- 6 |  7- 9 || total
-------------------------+-------+-------+-------++-------
Melee: Long sword        |    92 |    94 |    91 ||   277
Evoke: Wand              |       |       |     2 ||     2
  Use: Scroll            |     3 |       |     2 ||     5
       Potion            |     1 |       |     3 ||     4
 Stab: Distracted        |     1 |       |       ||     1
       Paralysed         |       |       |     1 ||     1
Armor: Leather armour    |    12 |       |       ||    12
       Scale mail        |    15 |    31 |    11 ||    57
       Skin              |     9 |       |       ||     9
       Chain mail        |       |       |    38 ||    38
Dodge: Dodged            |    61 |    63 |    61 ||   185
       Rpst.: Long sword |    15 |    27 |    13 ||    55

Table legend: (Time is in decaauts)
 A = Elapsed time spent in this place.
 B = Non-inter-level travel time spent in this place.
 C = Inter-level travel time spent in this place.
 D = Time resting spent in this place.
 E = Time spent auto-exploring this place.
 F = Levels seen in this place.
 G = Mean time per level.
                   A        B        C        D        E       F      G
               +--------+--------+--------+--------+--------+-----+--------+
         Total |   3077 |   2994 |     83 |    674 |   1530 |   4 |  769.2 |
       Dungeon |   3077 |   2994 |     83 |    674 |   1530 |   4 |  769.2 |
               +--------+--------+--------+--------+--------+-----+--------+

Top non-repeatable levels by time:
     D:3: 1305 daAuts
     D:2: 929 daAuts
     D:1: 721 daAuts
     D:4: 121 daAuts
